 Dungeon Crawl Stone Soup version 0.28.0-43-g3370ac3207 (webtiles) character file.

Game seed: 15459139619097082940

409 funkygono the Firebug (level 6, -4/42 HPs)
             Began as a Demonspawn Fire Elementalist on Mar 14, 2022.
             Slain by Grinder (8 damage)
             ... while paralysed by Grinder
             ... on level 5 of the Dungeon.
             The game lasted 00:07:31 (4885 turns).

funkygono the Firebug (DsFE)                        Turns: 4885, Time: 00:07:32

Health: -4/42      AC:  5    Str:  8    XL:     6   Next: 58%
Magic:  2/12       EV:  2    Int: 18    God:
Gold:   209        SH:  0    Dex: 14    Spells: 3/13 levels left

rFire   . . .      SeeInvis .   c - +1 dagger (venom)
rCold   . . .      Faith    .   (no shield)
rNeg    . . .      Spirit   .   a - +0 robe
rPois   +          Reflect  +   t - +0 helmet
rElec   .          Harm     .   (no cloak)
rCorr   .          Rampage  .   (no gloves)
Will    .....                   (no boots)
Stlth   ++........              q - amulet of reflection
HPRegen 0.14/turn               f - ring of poison resistance
MPRegen 0.13/turn               (no ring)

@: paralysed, agile, very slightly contaminated
A: molten scales 1, powered by death 2, powered by pain 1
a: no special abilities


You were on level 5 of the Dungeon.
You visited 1 branch of the dungeon, and saw 5 of its levels.

You collected 209 gold pieces.

Inventory:

Hand Weapons
 b - a +0 falchion
 c - a +1 dagger of venom (weapon)
Missiles
 d - 210 stones
Armour
 a - a +0 robe (worn)
 g - a +0 leather armour
 t - a +0 helmet (worn)
Jewellery
 f - a ring of poison resistance (left hand)
 q - an amulet of reflection (around neck)
Scrolls
 h - a scroll of silence {unknown}
 u - a scroll of immolation
Potions
 e - a potion of flight {unknown}
 k - a potion of might
 l - a potion of curing
 n - a potion of lignification
 p - a potion of berserk rage
 v - a potion of heal wounds {unknown}


   Skills:
 + Level 0.7 Fighting
 + Level 2.5 Dodging
 - Level 1.7 Stealth
 * Level 4.1 Spellcasting
 * Level 3.0 Conjurations
 * Level 4.4 Fire Magic


You had 3 spell levels left.
You knew the following spells:

 Your Spells              Type           Power      Damage    Failure   Level
a - Foxfire               Conj/Fire      68%        2x1d7     3%          1
b - Scorch                Fire           38%        2d6       3%          2
c - Conjure Flame         Conj/Fire      17%        6-21      10%         3
d - Flame Wave            Conj/Fire      17%        2d6       30%         4

Your spell library contained the following spells:

 Spells                   Type           Power      Damage    Failure   Level
 Animate Skeleton         Necr           6%         N/A       14%         1
 Apportation              Tloc           6%         N/A       14%         1
 Freeze                   Ice            12%        1d4       14%         1
 Pain                     Necr           12%        1d4       14%         1
 Sting                    Tmut/Pois      12%        1d3       14%         1
 Inner Flame              Hex/Fire       11%        N/A       17%         3
 Vampiric Draining        Necr           3%         2d6       41%         3
 Alistair's Intoxication  Tmut/Pois      2%         N/A       99%         5


Dungeon Overview and Level Annotations

Branches:
Dungeon (5/15)
 Temple: D:4-7

Altars:

Annotations:
D:5 Grinder


Innate Abilities, Weirdness & Mutations

You are partially covered in molten scales. (AC +2)
You regenerate health from kills.
You sometimes gain a little power by taking damage.


Message History

Casting: Scorch (safe; 3% risk of failure)
Confirm with . or Enter, or press ? or * to list all spells.
You conjure some foxfire!
You block the hound zombie's attack. Grinder gestures at you.
Pain shoots through your body!
Casting: Foxfire (safe; 3% risk of failure)
Confirm with . or Enter, or press ? or * to list all spells.
You miscast Scorch.
You are very lightly contaminated with residual magic.
Nothing appears to happen.
The foxfire hits Grinder but does no damage.
Grinder is heavily wounded.
The foxfire hits Grinder.
Grinder is burned terribly!
Grinder is heavily wounded.
The hound zombie completely misses you. Grinder gestures at you.
Pain shoots through your body!
Casting: Scorch (safe; 3% risk of failure)
Confirm with . or Enter, or press ? or * to list all spells.
You conjure some foxfire!
The hound zombie is no longer more vulnerable to fire.
The hound zombie barely misses you. Grinder gestures at you.
You suddenly lose the ability to move!
The hound zombie bites you.
The foxfire hits Grinder.
Grinder is heavily wounded.
The foxfire hits Grinder.
Grinder is burned terribly!
Grinder is severely wounded.
The hound zombie bites you but does no damage.
Grinder hits you!
* * * LOW HITPOINT WARNING * * *
You focus on the pain.
You feel agile all of a sudden.
You writhe in agony.
* * * LOW HITPOINT WARNING * * *
Grinder is no longer more vulnerable to fire.
The hound zombie bites you.
* * * LOW HITPOINT WARNING * * *
Grinder hits you!
You die...

#. #5# #.# ..
#.# #.# ### #.#
#.# #.# #.# #.#
#.# #.# #.#
#.##########.#
#..........#.#
##.5@Z.......#
#.#.#####.###
####.#.#####.#
#....#....##.##
#.#######.....#
#....#....#...#
####.#.####...#
#.#.####...####
#...#.........#


You could see Grinder and a hound zombie.

Vanquished Creatures
  2 phantoms (D:4)
  A hound (D:4)
  A bullfrog skeleton (D:5)
  A centaur skeleton (D:5)
  A jelly (D:4)
  An iguana (D:5)
  2 adders
  An ufetubus (D:4)
  An adder skeleton (D:4)
  3 worms (D:2)
  2 dart slugs
  6 orcs
  4 endoplasms
  3 giant cockroaches
  8 goblins
  6 hobgoblins
  8 jackals
  2 quokkas
  5 ball pythons
  8 bats
  2 frilled lizards
  3 kobolds
  6 rats
77 creatures vanquished.

Vanquished Creatures (others)
  277 foxfires
277 creatures vanquished.

Grand Total: 354 creatures vanquished

Notes
Turn   | Place    | Note
-------+----------+-------------------------------------------
     0 | D:1      | funkygono the Demonspawn Fire Elementalist began the quest
                  | for the Orb.
     0 | D:1      | Reached XP level 1. HP: 13/13 MP: 3/3
    16 | D:1      | Got A Beginning Course on Sorcery
   461 | D:1      | Found a faded altar of an unknown god.
   853 | D:2      | Gained mutation: You regenerate a little health from kills.
                  | [demonic ancestry]
   853 | D:2      | Reached XP level 2. HP: 19/19 MP: 3/5
   920 | D:2      | Learned a level 2 spell: Scorch
  1329 | D:2      | Reached XP level 3. HP: 24/24 MP: 3/6
  2568 | D:3      | Gained mutation: You regenerate health from kills. [demonic
                  | ancestry]
  2568 | D:3      | Reached XP level 4. HP: 28/30 MP: 2/8
  3059 | D:4      | Noticed a phantom
  3068 | D:4      | Killed a phantom
  3069 | D:4      | Gained mutation: You sometimes gain a little power by
                  | taking damage. [demonic ancestry]
  3069 | D:4      | Reached XP level 5. HP: 35/35 MP: 1/10
  3073 | D:4      | Learned a level 3 spell: Conjure Flame
  3078 | D:4      | Learned a level 4 spell: Flame Wave
  3252 | D:4      | Noticed a phantom
  3260 | D:4      | Killed a phantom
  3494 | D:4      | Gained mutation: You are partially covered in molten
                  | scales. (AC +2) [demonic ancestry]
  3494 | D:4      | Reached XP level 6. HP: 42/42 MP: 7/11
  4243 | D:5      | Entered Level 5 of the Dungeon
  4708 | D:5      | Noticed Grinder
  4743 | D:5      | Paralysed by Grinder for 5 turns
  4883 | D:5      | Paralysed by Grinder for 7 turns
  4885 | D:5      | Slain by Grinder

Illustrated notes

Levels and vault maps discovered:
D:1:      erik_arrival_blinker_ship, layout_basic, basic_ecumenical_altar,
          eino_curves_02, amcnicky_mini_corridor_feature,
          grunt_decor_mini_mirrors, hangedman_decor_growths
D:2:      layout_loops_ring, grunt_ministairs_8
D:3:      layout_rooms
D:4:      layout_cave_pods, dk_noncrumbling_3, serial_park_tiny_pond
D:5:      layout_loops_ring, led_sif_pool, uniq_grinder

Skill      XL: |  1  2  3  4  5  6 |
---------------+-------------------+-----
Fire Magic     | 3 4 |  4.4
Dodging        | 2 |  2.5
Spellcasting   | 3 4 |  4.1
Conjurations   | 2 3 |  3.0
Fighting       | |  0.7
Stealth        | |  1.7

Action                   |  1- 3 |  4- 6 || total
-------------------------+-------+-------++-------
Melee: Dagger            |     9 |     3 ||    12
 Cast: Foxfire           |    82 |    77 ||   159
       Scorch            |     3 |    13 ||    16
  Use: Scroll            |       |    13 ||    13
Armor: Robe              |     4 |    20 ||    24
Dodge: Dodged            |    19 |    43 ||    62
Block: Other             |       |    19 ||    19
